AoeStats
← thunder bun

Arabia

506141429Analyzed
1v1 RM · 18d ago on Sep 12, 2026· 23m 5s· 2 players
Game mode
Random Map
Map size
Tiny (2 player)
Population
200
Speed
Normal
Resources
Standard
Victory
Conquest
Starting age
Dark Age
Ending age
Imperial Age
RankedLock teamsTeams togetherTeam positionsShared explorationLock speedFull tech treeHidden civsTurbo modeCheats
Victory
Defeat
🇬🇧 Bulgarians · United Kingdom
2736
+1
🇹🇼 Mapuche · Taiwan
2174
-1
Oni.Lewis
6:23 Loom
9:15 Feudal Age
10:36 Arson
15:46 Double-Bit Axe
18:26 Castle Age
17:24 Scale Mail Armor
19:25 Chain Mail Armor
thunder bun
6:21 Loom
9:06 Feudal Age
11:54 Double-Bit Axe
13:31 Fletching
20:46 Castle Age
19:22 Padded Archer Armor
Connection lost

Rejoining the realm…

Still unreachable

The connection could not be restored.

Session expired

The server has moved on; the page needs a fresh start.